Connexion

Devils vs Palm Springs Eager

Created - 1 octobre 2023 at 08:11

Goals
1 2 3 T
Devils 0 1 1 2
Palm Springs Eager 2 0 1 3
Shots
1 2 3 T
Devils 11 11 5 27
Palm Springs Eager 12 9 17 38

GoalsPenalties
1st period
1. Palm Springs Eager , Nico Sturm 6 (Mike Hardman 7, Gavin Bayreuther 10) at 0:44
2. Palm Springs Eager , Jonathan Toews 10 (Gavin Bayreuther 11, Steven Lorentz 15) at 8:08 (PP)
Dalton Thrower (BIN) for Tripping (Minor) at 7:08
Mike Hardman (SEA) for Holding (Minor) at 9:31
Scott Mayfield (SEA) for Slashing (Minor) at 14:55
2nd period
3. Devils , Cal Clutterbuck 10 (Sean Kuraly 10, Carl Dahlstrom 11) at 12:41
Ryan Murphy (BIN) for Tripping (Minor) at 15:50
Lias Andersson (SEA) for Tripping (Minor) at 19:04
3rd period
4. Devils , Ryan Murphy 2 (Spencer Foo 11, Sean Kuraly 11) at 0:18 (PP)
5. Palm Springs Eager , Scott Reedy 4 (Michael Anderson 7) at 15:20
Kirill Maksimov (BIN) for Roughing (Minor) at 0:27
Dalton Thrower (BIN) for High sticking (Minor) at 3:52
Cal Clutterbuck (BIN) for Holding (Minor) at 13:09
Mackenzie MacEachern (BIN) for Tripping (Minor) at 15:24
Nico Sturm (SEA) for High sticking (Double Minor) at 18:53
Goalie Stats
Carey Price (BIN), 35 saves from 38 shots - (0,921), L, 10-6-0, 59:30 minutes
Joseph Woll (SEA), 25 saves from 27 shots - (0,926), W, 3-1-1, 60:00 minutes
3 StarsOfficial
1 - Scott Reedy (SEA)
2 - Jonathan Toews (SEA)
3 - Gavin Bayreuther (SEA)
Referees : Paul Devorski and Marc Joannette
Linesman : Vaughan Rody and Darren Gibbs
Game Note
No Game Note
Finance
Level 1 -- Attendance: 1728 (86,40%) -- Ticket Income 60 480 $
Level 2 -- Attendance: 1000 (100,00%) -- Ticket Income 15 000 $
Total Attendance: 2728 (90,93%)
Total Ticket Income: 75 480 $
Other Income: 15 096 $
Total Income: 90 576 $



Team Name Goals Shots Shots Attemp Shots Blocked PIM HIT PP PK FO%
Devils 22757612241 / 5 (20%)145%
Palm Springs Eager 338731210271 / 6 (17%)155%

Devils
Player Name POS G A P +/- PIM HIT SHT SB MP PP MP PP SHT PK MP PK SHT FO% FOT
Cal ClutterbuckLW/RW1011232013:000:0000:0000% 1
Carl DahlstromD0111031115:020:0002:2200% 0
Cole CasselsC000-100107:130:0000:00075% 8
Dalton ThrowerD000-2401020:103:2204:0000% 0
Doyle SomerbyD000-2060022:043:2905:4500% 0
Eric RobinsonLW000-100207:130:0000:000100% 1
Kirill MaksimovRW0000232013:162:4110:0000% 0
Mackenzie MacEachernLW0000200010:490:1100:0300% 0
Marc StaalD0000021325:102:4915:0400% 0
Noel HofenmayerD0001001012:570:0700:1000% 0
Paul ByronC/LW/RW000-1045018:002:0314:00045% 20
Pavel GogolevLW000-1001019:063:3703:32050% 2
Ryan MurphyD1010211124:342:4914:2900% 0
Samuel HoudeC0000002013:192:3700:06020% 15
Sean KuralyC/LW0221011124:044:0806:55047% 36
Spencer FooRW011-1013015:343:3700:0000% 0
Stefan FournierLW/RW000-100207:130:0000:0000% 0
Zach SanfordLW0001001020:150:0007:14067% 3
Palm Springs Eager
Player Name POS G A P +/- PIM HIT SHT SB MP PP MP PP SHT PK MP PK SHT FO% FOT
Alexander CampbellC/LW000-101106:060:0000:0000% 0
Alexander GordinC/RW000-100006:060:0000:0000% 1
Colin MillerD000-1010125:245:4303:0900% 0
Dmitry OvchinnikovLW000100209:450:0000:0000% 1
Gavin BayreutherD0221003021:415:1223:0900% 0
Jimmy LodgeC/RW0001001110:190:1600:180100% 3
Jonathan ToewsC1010034022:465:4413:55171% 28
Lias AnderssonC0001204020:175:1111:18059% 22
Michael AndersonD0111010112:550:0000:0000% 0
Mike HardmanC/LW/RW0111260019:585:1100:59033% 3
Nico SturmC/LW1011405120:225:1101:23050% 2
Radko GudasD0001050221:415:1203:0900% 0
Riley DuranC000-101006:060:0000:00057% 7
Ryan GravesD000-1016125:245:4363:0900% 0
Saku MaenalanenC/LW/RW0000024019:235:2820:48050% 2
Scott MayfieldD0001230512:540:0000:0000% 0
Scott ReedyC101102509:450:0000:0008% 12
Steven LorentzC/LW0110013022:465:4433:55060% 5



Play-by-Play

1st period


0:01 of 1st period - Saku Maenalanen wins face-off versus Sean Kuraly in neutral zone.
0:10 of 1st period - Shot by Jonathan Toews.
0:10 of 1st period - Shot Misses the Net.
0:36 of 1st period - Shot by Saku Maenalanen.
0:36 of 1st period - Stopped by Carey Price without a rebound.
0:37 of 1st period - Lias Andersson wins face-off versus Paul Byron in Devils zone.
0:44 of 1st period - Shot by Mike Hardman.
0:44 of 1st period - Deflect By Nico Sturm.
0:44 of 1st period - Goal by Nico Sturm - Devils : 0 - Palm Springs Eager : 1.
0:45 of 1st period - Jimmy Lodge wins face-off versus Samuel Houde in neutral zone.
1:12 of 1st period - Shot by Samuel Houde.
1:12 of 1st period - Shot Misses the Net.
1:14 of 1st period - Shot by Samuel Houde.
1:14 of 1st period - Stopped by Joseph Woll without a rebound.
1:15 of 1st period - Lias Andersson wins face-off versus Paul Byron in Palm Springs Eager zone.
2:03 of 1st period - Radko Gudas is hit by Spencer Foo and loses puck.
2:25 of 1st period - Shot by Jonathan Toews.
2:25 of 1st period - Stopped by Carey Price without a rebound.
2:26 of 1st period - Sean Kuraly wins face-off versus Riley Duran in Devils zone.
3:03 of 1st period - Icing by Michael Anderson.
3:04 of 1st period - Cole Cassels wins face-off versus Riley Duran in Palm Springs Eager zone.
3:19 of 1st period - Shot by Cole Cassels.
3:19 of 1st period - Stopped by Joseph Woll without a rebound.
3:20 of 1st period - Jonathan Toews wins face-off versus Samuel Houde in Palm Springs Eager zone.
3:20 of 1st period - Jonathan Toews is hit by Kirill Maksimov.
3:51 of 1st period - Icing by Ryan Graves.
3:52 of 1st period - Steven Lorentz wins face-off versus Sean Kuraly in Palm Springs Eager zone.
4:01 of 1st period - Marc Staal is hit by Steven Lorentz and loses puck.
4:07 of 1st period - Saku Maenalanen is hit by Marc Staal.
4:11 of 1st period - Shot by Steven Lorentz.
4:11 of 1st period - Deflect By Jonathan Toews.
4:11 of 1st period - Shot Misses the Net.
4:35 of 1st period - Dmitry Ovchinnikov is hit by Marc Staal and loses puck.
4:44 of 1st period - Shot by Scott Reedy.
4:44 of 1st period - Stopped by Carey Price without a rebound.
4:45 of 1st period - Lias Andersson wins face-off versus Cole Cassels in Devils zone.
4:50 of 1st period - Shot by Nico Sturm.
4:50 of 1st period - Shot Misses the Net.
4:56 of 1st period - Shot by Eric Robinson.
4:56 of 1st period - Shot Blocked by Scott Mayfield.
4:58 of 1st period - Shot by Eric Robinson.
4:58 of 1st period - Stopped by Joseph Woll with a rebound.
5:00 of 1st period - Shot by Cole Cassels.
5:00 of 1st period - Deflect By Stefan Fournier.
5:00 of 1st period - Shot Blocked by Scott Mayfield.
5:20 of 1st period - Shot by Cole Cassels.
5:20 of 1st period - Shot Misses the Net.
5:22 of 1st period - Shot by Dalton Thrower.
5:22 of 1st period - Stopped by Joseph Woll without a rebound.
5:23 of 1st period - Paul Byron wins face-off versus Dmitry Ovchinnikov in Palm Springs Eager zone.
5:31 of 1st period - Ryan Graves is hit by Paul Byron and loses puck.
5:44 of 1st period - Shot by Pavel Gogolev.
5:44 of 1st period - Shot Misses the Net.
5:46 of 1st period - Shot by Paul Byron.
5:46 of 1st period - Shot Blocked by Ryan Graves.
5:50 of 1st period - Shot by Paul Byron.
5:50 of 1st period - Shot Blocked by Jimmy Lodge.
5:52 of 1st period - Shot by Paul Byron.
5:52 of 1st period - Stopped by Joseph Woll with a rebound.
5:54 of 1st period - Shot by Paul Byron.
5:54 of 1st period - Stopped by Joseph Woll without a rebound.
5:55 of 1st period - Jonathan Toews wins face-off versus Cal Clutterbuck in Palm Springs Eager zone.
6:12 of 1st period - Shot by Saku Maenalanen.
6:12 of 1st period - Stopped by Carey Price with a rebound.
6:59 of 1st period - Shot by Nico Sturm.
6:59 of 1st period - Stopped by Carey Price with a rebound.
7:01 of 1st period - Shot by Ryan Graves.
7:01 of 1st period - Shot Hit the Post.
7:06 of 1st period - Lias Andersson is hit by Doyle Somerby and loses puck.
7:08 of 1st period - Minor Penalty to Dalton Thrower for Tripping.
7:09 of 1st period - Sean Kuraly wins face-off versus Lias Andersson in Devils zone.
7:17 of 1st period - Icing by Nico Sturm.
7:18 of 1st period - Lias Andersson wins face-off versus Sean Kuraly in Palm Springs Eager zone.
7:58 of 1st period - Shot by Steven Lorentz.
7:58 of 1st period - Shot Blocked by Ryan Murphy.
8:00 of 1st period - Shot by Steven Lorentz.
8:00 of 1st period - Deflect By Jonathan Toews.
8:00 of 1st period - Shot Misses the Net.
8:02 of 1st period - Shot by Gavin Bayreuther.
8:02 of 1st period - Stopped by Carey Price without a rebound.
8:03 of 1st period - Jonathan Toews wins face-off versus Paul Byron in Devils zone.
8:04 of 1st period - Shot by Steven Lorentz.
8:04 of 1st period - Stopped by Carey Price with a rebound.
8:08 of 1st period - Shot by Jonathan Toews.
8:08 of 1st period - Goal by Jonathan Toews - Devils : 0 - Palm Springs Eager : 2.
8:09 of 1st period - Paul Byron wins face-off versus Scott Reedy in neutral zone.
8:09 of 1st period - Pavel Gogolev is hit by Scott Reedy and loses puck.
8:15 of 1st period - Shot by Paul Byron.
8:15 of 1st period - Deflect By Spencer Foo.
8:15 of 1st period - Shot Blocked by Scott Mayfield.
8:17 of 1st period - Shot by Spencer Foo.
8:17 of 1st period - Stopped by Joseph Woll without a rebound.
8:18 of 1st period - Jonathan Toews wins face-off versus Samuel Houde in Palm Springs Eager zone.
8:53 of 1st period - Shot by Jonathan Toews.
8:53 of 1st period - Shot Misses the Net.
9:20 of 1st period - Icing by Marc Staal.
9:21 of 1st period - Lias Andersson wins face-off versus Pavel Gogolev in Devils zone.
9:31 of 1st period - Minor Penalty to Mike Hardman for Holding.
9:32 of 1st period - Jonathan Toews wins face-off versus Sean Kuraly in Palm Springs Eager zone.
10:52 of 1st period - Icing by Marc Staal.
10:53 of 1st period - Jimmy Lodge wins face-off versus Paul Byron in Devils zone.
10:58 of 1st period - Shot by Saku Maenalanen.
10:58 of 1st period - Deflect By Jimmy Lodge.
10:58 of 1st period - Shot Misses the Net.
11:01 of 1st period - Icing by Ryan Murphy.
11:02 of 1st period - Paul Byron wins face-off versus Jonathan Toews in Devils zone.
11:02 of 1st period - Paul Byron is hit by Radko Gudas.
11:05 of 1st period - Icing by Marc Staal.
11:06 of 1st period - Paul Byron wins face-off versus Steven Lorentz in Devils zone.
11:06 of 1st period - Paul Byron is hit by Radko Gudas.
11:27 of 1st period - Samuel Houde is hit by Colin Miller and loses puck.
12:03 of 1st period - Shot by Jimmy Lodge.
12:03 of 1st period - Shot Misses the Net.
12:05 of 1st period - Shot by Dmitry Ovchinnikov.
12:05 of 1st period - Stopped by Carey Price with a rebound.
14:15 of 1st period - Ryan Murphy is hit by Saku Maenalanen and loses puck.
14:20 of 1st period - Shot by Gavin Bayreuther.
14:20 of 1st period - Shot Blocked by Marc Staal.
14:54 of 1st period - Samuel Houde is hit by Michael Anderson and loses puck.
14:55 of 1st period - Minor Penalty to Scott Mayfield for Slashing.
14:56 of 1st period - Jonathan Toews wins face-off versus Sean Kuraly in Palm Springs Eager zone.
15:19 of 1st period - Shot by Kirill Maksimov.
15:19 of 1st period - Stopped by Joseph Woll without a rebound.
15:20 of 1st period - Jonathan Toews wins face-off versus Sean Kuraly in Palm Springs Eager zone.
16:03 of 1st period - Radko Gudas is hit by Paul Byron and loses puck.
16:10 of 1st period - Shot by Spencer Foo.
16:10 of 1st period - Shot Misses the Net.
16:12 of 1st period - Shot by Ryan Murphy.
16:12 of 1st period - Shot Blocked by Radko Gudas.
16:14 of 1st period - Shot by Marc Staal.
16:14 of 1st period - Stopped by Joseph Woll with a rebound.
16:16 of 1st period - Shot by Marc Staal.
16:16 of 1st period - Shot Blocked by Nico Sturm.
16:18 of 1st period - Shot by Paul Byron.
16:18 of 1st period - Shot Misses the Net.
16:20 of 1st period - Shot by Spencer Foo.
16:20 of 1st period - Deflect By Paul Byron.
16:20 of 1st period - Stopped by Joseph Woll without a rebound.
16:21 of 1st period - Jonathan Toews wins face-off versus Samuel Houde in Palm Springs Eager zone.
16:27 of 1st period - Off-side.
16:28 of 1st period - Jonathan Toews wins face-off versus Sean Kuraly in neutral zone.
16:54 of 1st period - Shot by Jonathan Toews.
16:54 of 1st period - Shot Misses the Net.
17:03 of 1st period - Icing by Jimmy Lodge.
17:04 of 1st period - Cole Cassels wins face-off versus Scott Reedy in Palm Springs Eager zone.
17:04 of 1st period - Cole Cassels is hit by Scott Mayfield.
17:20 of 1st period - Shot by Michael Anderson.
17:20 of 1st period - Shot Blocked by Carl Dahlstrom.
17:22 of 1st period - Shot by Dmitry Ovchinnikov.
17:22 of 1st period - Shot Misses the Net.
17:24 of 1st period - Shot by Scott Reedy.
17:24 of 1st period - Shot Misses the Net.
17:36 of 1st period - Shot by Dmitry Ovchinnikov.
17:36 of 1st period - Stopped by Carey Price without a rebound.
17:37 of 1st period - Lias Andersson wins face-off versus Samuel Houde in Devils zone.
17:45 of 1st period - Icing by Nico Sturm.
17:46 of 1st period - Lias Andersson wins face-off versus Sean Kuraly in Palm Springs Eager zone.
17:56 of 1st period - Shot by Nico Sturm.
17:56 of 1st period - Stopped by Carey Price without a rebound.
17:57 of 1st period - Samuel Houde wins face-off versus Saku Maenalanen in Devils zone.
18:01 of 1st period - Samuel Houde is hit by Jonathan Toews.
18:31 of 1st period - Shot by Steven Lorentz.
18:31 of 1st period - Shot Misses the Net.
18:59 of 1st period - Zach Sanford is hit by Mike Hardman and loses puck.
19:37 of 1st period - Icing by Jimmy Lodge.
19:38 of 1st period - Paul Byron wins face-off versus Scott Reedy in Palm Springs Eager zone.
19:41 of 1st period - Shot by Pavel Gogolev.
19:41 of 1st period - Stopped by Joseph Woll without a rebound.
19:42 of 1st period - Jimmy Lodge wins face-off versus Paul Byron in Palm Springs Eager zone.
Goals for this period are 0 for Devils vs 2 for Palm Springs Eager.
Shots for this period are 11 for Devils vs 12 for Palm Springs Eager.

2nd period


0:01 of 2nd period - Sean Kuraly wins face-off versus Jonathan Toews in neutral zone.
0:14 of 2nd period - Off-side.
0:15 of 2nd period - Paul Byron wins face-off versus Lias Andersson in neutral zone.
0:48 of 2nd period - Radko Gudas is hit by Paul Byron and loses puck.
1:49 of 2nd period - Shot by Sean Kuraly.
1:49 of 2nd period - Shot Misses the Net.
2:22 of 2nd period - Shot by Kirill Maksimov.
2:22 of 2nd period - Shot Blocked by Scott Mayfield.
2:24 of 2nd period - Shot by Kirill Maksimov.
2:24 of 2nd period - Stopped by Joseph Woll with a rebound.
2:26 of 2nd period - Shot by Samuel Houde.
2:26 of 2nd period - Shot Misses the Net.
2:44 of 2nd period - Michael Anderson is hit by Kirill Maksimov and loses puck.
3:28 of 2nd period - Shot by Mike Hardman.
3:28 of 2nd period - Shot Misses the Net.
3:30 of 2nd period - Shot by Lias Andersson.
3:30 of 2nd period - Stopped by Carey Price without a rebound.
3:31 of 2nd period - Sean Kuraly wins face-off versus Scott Reedy in Devils zone.
3:50 of 2nd period - Shot by Sean Kuraly.
3:50 of 2nd period - Stopped by Joseph Woll without a rebound.
3:51 of 2nd period - Mike Hardman wins face-off versus Paul Byron in Palm Springs Eager zone.
4:23 of 2nd period - Shot by Lias Andersson.
4:23 of 2nd period - Stopped by Carey Price with a rebound.
4:29 of 2nd period - Shot by Mike Hardman.
4:29 of 2nd period - Shot Misses the Net.
6:18 of 2nd period - Colin Miller is hit by Carl Dahlstrom and loses puck.
6:47 of 2nd period - Shot by Mike Hardman.
6:47 of 2nd period - Shot Misses the Net.
6:57 of 2nd period - Shot by Lias Andersson.
6:57 of 2nd period - Stopped by Carey Price without a rebound.
6:58 of 2nd period - Riley Duran wins face-off versus Samuel Houde in Devils zone.
7:20 of 2nd period - Gavin Bayreuther is hit by Doyle Somerby and loses puck.
7:49 of 2nd period - Shot by Spencer Foo.
7:49 of 2nd period - Stopped by Joseph Woll without a rebound.
7:50 of 2nd period - Paul Byron wins face-off versus Lias Andersson in Palm Springs Eager zone.
8:01 of 2nd period - Shot by Paul Byron.
8:01 of 2nd period - Stopped by Joseph Woll without a rebound.
8:02 of 2nd period - Zach Sanford wins face-off versus Steven Lorentz in Palm Springs Eager zone.
8:09 of 2nd period - Shot by Zach Sanford.
8:09 of 2nd period - Stopped by Joseph Woll without a rebound.
8:10 of 2nd period - Jonathan Toews wins face-off versus Sean Kuraly in Palm Springs Eager zone.
8:10 of 2nd period - Jonathan Toews is hit by Cal Clutterbuck.
8:25 of 2nd period - Steven Lorentz is hit by Doyle Somerby and loses puck.
8:29 of 2nd period - Saku Maenalanen is hit by Doyle Somerby.
9:26 of 2nd period - Icing by Michael Anderson.
9:27 of 2nd period - Lias Andersson wins face-off versus Samuel Houde in Palm Springs Eager zone.
9:49 of 2nd period - Shot by Nico Sturm.
9:49 of 2nd period - Stopped by Carey Price without a rebound.
9:50 of 2nd period - Scott Reedy wins face-off versus Paul Byron in Devils zone.
10:05 of 2nd period - Shot by Scott Reedy.
10:05 of 2nd period - Shot Misses the Net.
10:19 of 2nd period - Shot by Scott Reedy.
10:19 of 2nd period - Stopped by Carey Price with a rebound.
10:21 of 2nd period - Shot by Scott Reedy.
10:21 of 2nd period - Shot Misses the Net.
11:08 of 2nd period - Shot by Cal Clutterbuck.
11:08 of 2nd period - Stopped by Joseph Woll without a rebound.
11:09 of 2nd period - Lias Andersson wins face-off versus Samuel Houde in Palm Springs Eager zone.
11:18 of 2nd period - Samuel Houde is hit by Mike Hardman.
11:39 of 2nd period - Shot by Dalton Thrower.
11:39 of 2nd period - Shot Misses the Net.
11:47 of 2nd period - Doyle Somerby is hit by Mike Hardman and loses puck.
12:35 of 2nd period - Shot by Noel Hofenmayer.
12:35 of 2nd period - Shot Misses the Net.
12:37 of 2nd period - Shot by Carl Dahlstrom.
12:37 of 2nd period - Stopped by Joseph Woll with a rebound.
12:39 of 2nd period - Shot by Sean Kuraly.
12:39 of 2nd period - Shot Misses the Net.
12:41 of 2nd period - Shot by Cal Clutterbuck.
12:41 of 2nd period - Goal by Cal Clutterbuck - Devils : 1 - Palm Springs Eager : 2.
12:42 of 2nd period - Paul Byron wins face-off versus Jonathan Toews in neutral zone.
12:53 of 2nd period - Shot by Paul Byron.
12:53 of 2nd period - Stopped by Joseph Woll without a rebound.
12:54 of 2nd period - Cole Cassels wins face-off versus Scott Reedy in Palm Springs Eager zone.
13:15 of 2nd period - Shot by Stefan Fournier.
13:15 of 2nd period - Stopped by Joseph Woll without a rebound.
13:16 of 2nd period - Jonathan Toews wins face-off versus Sean Kuraly in Palm Springs Eager zone.
13:16 of 2nd period - Jonathan Toews is hit by Cal Clutterbuck.
13:23 of 2nd period - Icing by Doyle Somerby.
13:24 of 2nd period - Jonathan Toews wins face-off versus Sean Kuraly in Devils zone.
13:36 of 2nd period - Icing by Cal Clutterbuck.
13:37 of 2nd period - Sean Kuraly wins face-off versus Lias Andersson in Devils zone.
14:25 of 2nd period - Gavin Bayreuther is hit by Ryan Murphy and loses puck.
14:40 of 2nd period - Paul Byron is hit by Saku Maenalanen and loses puck.
15:38 of 2nd period - Icing by Paul Byron.
15:39 of 2nd period - Riley Duran wins face-off versus Paul Byron in Devils zone.
15:50 of 2nd period - Minor Penalty to Ryan Murphy for Tripping.
15:51 of 2nd period - Sean Kuraly wins face-off versus Lias Andersson in Devils zone.
17:01 of 2nd period - Shot by Saku Maenalanen.
17:01 of 2nd period - Deflect By Steven Lorentz.
17:01 of 2nd period - Shot Misses the Net.
17:03 of 2nd period - Shot by Ryan Graves.
17:03 of 2nd period - Stopped by Carey Price with a rebound.
17:05 of 2nd period - Shot by Steven Lorentz.
17:05 of 2nd period - Deflect By Saku Maenalanen.
17:05 of 2nd period - Stopped by Carey Price without a rebound.
17:06 of 2nd period - Jonathan Toews wins face-off versus Paul Byron in Devils zone.
17:13 of 2nd period - Shot by Colin Miller.
17:13 of 2nd period - Shot Misses the Net.
17:23 of 2nd period - Shot by Ryan Graves.
17:23 of 2nd period - Stopped by Carey Price without a rebound.
17:24 of 2nd period - Nico Sturm wins face-off versus Paul Byron in Devils zone.
17:29 of 2nd period - Shot by Gavin Bayreuther.
17:29 of 2nd period - Shot Misses the Net.
17:46 of 2nd period - Icing by Radko Gudas.
17:47 of 2nd period - Sean Kuraly wins face-off versus Mike Hardman in Palm Springs Eager zone.
18:00 of 2nd period - Shot by Stefan Fournier.
18:00 of 2nd period - Stopped by Joseph Woll without a rebound.
18:01 of 2nd period - Riley Duran wins face-off versus Samuel Houde in Palm Springs Eager zone.
18:11 of 2nd period - Ryan Murphy is hit by Riley Duran and loses puck.
18:58 of 2nd period - Shot by Jonathan Toews.
18:58 of 2nd period - Stopped by Carey Price without a rebound.
18:59 of 2nd period - Sean Kuraly wins face-off versus Lias Andersson in Devils zone.
18:59 of 2nd period - Sean Kuraly is hit by Mike Hardman.
19:04 of 2nd period - Minor Penalty to Lias Andersson for Tripping.
19:05 of 2nd period - Pavel Gogolev wins face-off versus Jonathan Toews in Palm Springs Eager zone.
19:10 of 2nd period - Shot by Spencer Foo.
19:10 of 2nd period - Shot Misses the Net.
Goals for this period are 1 for Devils vs 0 for Palm Springs Eager.
Shots for this period are 11 for Devils vs 9 for Palm Springs Eager.

3rd period


0:01 of 3rd period - Sean Kuraly wins face-off versus Jonathan Toews in neutral zone.
0:16 of 3rd period - Shot by Ryan Murphy.
0:16 of 3rd period - Shot Misses the Net.
0:18 of 3rd period - Shot by Ryan Murphy.
0:18 of 3rd period - Goal by Ryan Murphy - Devils : 2 - Palm Springs Eager : 2.
0:19 of 3rd period - Lias Andersson wins face-off versus Samuel Houde in neutral zone.
0:19 of 3rd period - Gavin Bayreuther is hit by Kirill Maksimov and loses puck.
0:27 of 3rd period - Minor Penalty to Kirill Maksimov for Roughing.
0:28 of 3rd period - Jonathan Toews wins face-off versus Sean Kuraly in Devils zone.
0:31 of 3rd period - Shot by Steven Lorentz.
0:31 of 3rd period - Stopped by Carey Price without a rebound.
0:32 of 3rd period - Sean Kuraly wins face-off versus Jonathan Toews in Devils zone.
1:07 of 3rd period - Shot by Steven Lorentz.
1:07 of 3rd period - Stopped by Carey Price without a rebound.
1:08 of 3rd period - Sean Kuraly wins face-off versus Lias Andersson in Devils zone.
1:08 of 3rd period - Sean Kuraly is hit by Mike Hardman.
2:27 of 3rd period - Shot by Steven Lorentz.
2:27 of 3rd period - Deflect By Scott Reedy.
2:27 of 3rd period - Stopped by Carey Price without a rebound.
2:28 of 3rd period - Samuel Houde wins face-off versus Scott Reedy in Devils zone.
3:49 of 3rd period - Shot by Nico Sturm.
3:49 of 3rd period - Shot Hit the Post.
3:51 of 3rd period - Shot by Nico Sturm.
3:51 of 3rd period - Stopped by Carey Price without a rebound.
3:52 of 3rd period - Steven Lorentz wins face-off versus Sean Kuraly in Devils zone.
3:52 of 3rd period - Minor Penalty to Dalton Thrower for High sticking.
3:53 of 3rd period - Jonathan Toews wins face-off versus Sean Kuraly in Devils zone.
4:32 of 3rd period - Shot by Saku Maenalanen.
4:32 of 3rd period - Stopped by Carey Price without a rebound.
4:33 of 3rd period - Sean Kuraly wins face-off versus Lias Andersson in Devils zone.
4:49 of 3rd period - Shot by Ryan Graves.
4:49 of 3rd period - Stopped by Carey Price with a rebound.
4:57 of 3rd period - Shot by Colin Miller.
4:57 of 3rd period - Shot Blocked by Sean Kuraly.
4:59 of 3rd period - Shot by Ryan Graves.
4:59 of 3rd period - Shot Blocked by Marc Staal.
5:01 of 3rd period - Shot by Ryan Graves.
5:01 of 3rd period - Shot Blocked by Marc Staal.
5:13 of 3rd period - Shot by Lias Andersson.
5:13 of 3rd period - Shot Hit the Post.
5:29 of 3rd period - Carl Dahlstrom is hit by Jonathan Toews and loses puck.
6:02 of 3rd period - Shot by Scott Reedy.
6:02 of 3rd period - Shot Misses the Net.
6:04 of 3rd period - Shot by Jimmy Lodge.
6:04 of 3rd period - Stopped by Carey Price without a rebound.
6:05 of 3rd period - Riley Duran wins face-off versus Cole Cassels in Devils zone.
6:05 of 3rd period - Michael Anderson is hit by Carl Dahlstrom and loses puck.
6:09 of 3rd period - Alexander Campbell is hit by Carl Dahlstrom and loses puck.
6:19 of 3rd period - Icing by Noel Hofenmayer.
6:20 of 3rd period - Eric Robinson wins face-off versus Scott Reedy in Devils zone.
6:37 of 3rd period - Shot by Cole Cassels.
6:37 of 3rd period - Shot Blocked by Colin Miller.
6:39 of 3rd period - Shot by Carl Dahlstrom.
6:39 of 3rd period - Shot Misses the Net.
6:41 of 3rd period - Shot by Eric Robinson.
6:41 of 3rd period - Stopped by Joseph Woll without a rebound.
6:42 of 3rd period - Paul Byron wins face-off versus Mike Hardman in Palm Springs Eager zone.
6:48 of 3rd period - Spencer Foo is hit by Radko Gudas and loses puck.
7:08 of 3rd period - Paul Byron is hit by Radko Gudas and loses puck.
7:56 of 3rd period - Cal Clutterbuck is hit by Radko Gudas and loses puck.
8:43 of 3rd period - Shot by Mackenzie MacEachern.
8:43 of 3rd period - Deflect By Kirill Maksimov.
8:43 of 3rd period - Shot Misses the Net.
8:45 of 3rd period - Shot by Samuel Houde.
8:45 of 3rd period - Stopped by Joseph Woll without a rebound.
8:46 of 3rd period - Cole Cassels wins face-off versus Scott Reedy in Palm Springs Eager zone.
8:52 of 3rd period - Cole Cassels is hit by Scott Mayfield.
9:03 of 3rd period - Icing by Marc Staal.
9:04 of 3rd period - Cole Cassels wins face-off versus Alexander Gordin in Devils zone.
9:33 of 3rd period - Shot by Eric Robinson.
9:33 of 3rd period - Shot Misses the Net.
9:35 of 3rd period - Shot by Ryan Murphy.
9:35 of 3rd period - Shot Hit the Post.
10:01 of 3rd period - Shot by Pavel Gogolev.
10:01 of 3rd period - Shot Blocked by Scott Mayfield.
10:03 of 3rd period - Shot by Carl Dahlstrom.
10:03 of 3rd period - Shot Misses the Net.
10:05 of 3rd period - Shot by Noel Hofenmayer.
10:05 of 3rd period - Stopped by Joseph Woll without a rebound.
10:06 of 3rd period - Sean Kuraly wins face-off versus Scott Reedy in Palm Springs Eager zone.
10:19 of 3rd period - Shot by Dmitry Ovchinnikov.
10:19 of 3rd period - Deflect By Scott Reedy.
10:19 of 3rd period - Stopped by Carey Price without a rebound.
10:20 of 3rd period - Jonathan Toews wins face-off versus Samuel Houde in Devils zone.
10:21 of 3rd period - Shot by Saku Maenalanen.
10:21 of 3rd period - Shot Misses the Net.
10:23 of 3rd period - Shot by Gavin Bayreuther.
10:23 of 3rd period - Stopped by Carey Price without a rebound.
10:24 of 3rd period - Jonathan Toews wins face-off versus Zach Sanford in Devils zone.
11:16 of 3rd period - Jonathan Toews is hit by Doyle Somerby and loses puck.
11:47 of 3rd period - Shot by Spencer Foo.
11:47 of 3rd period - Shot Misses the Net.
11:49 of 3rd period - Shot by Spencer Foo.
11:49 of 3rd period - Stopped by Joseph Woll without a rebound.
11:50 of 3rd period - Lias Andersson wins face-off versus Samuel Houde in Palm Springs Eager zone.
12:21 of 3rd period - Shot by Samuel Houde.
12:21 of 3rd period - Shot Blocked by Radko Gudas.
12:45 of 3rd period - Lias Andersson is hit by Cal Clutterbuck.
12:54 of 3rd period - Icing by Sean Kuraly.
12:55 of 3rd period - Sean Kuraly wins face-off versus Scott Reedy in Devils zone.
12:55 of 3rd period - Sean Kuraly is hit by Scott Reedy.
13:09 of 3rd period - Minor Penalty to Cal Clutterbuck for Holding.
13:10 of 3rd period - Zach Sanford wins face-off versus Jonathan Toews in Devils zone.
13:20 of 3rd period - Icing by Jonathan Toews.
13:21 of 3rd period - Jonathan Toews wins face-off versus Sean Kuraly in Palm Springs Eager zone.
13:26 of 3rd period - Zach Sanford is hit by Jonathan Toews and loses puck.
14:02 of 3rd period - Icing by Gavin Bayreuther.
14:03 of 3rd period - Sean Kuraly wins face-off versus Nico Sturm in Palm Springs Eager zone.
14:31 of 3rd period - Shot by Gavin Bayreuther.
14:31 of 3rd period - Stopped by Carey Price without a rebound.
14:32 of 3rd period - Sean Kuraly wins face-off versus Lias Andersson in Devils zone.
14:32 of 3rd period - Sean Kuraly is hit by Mike Hardman.
14:42 of 3rd period - Shot by Colin Miller.
14:42 of 3rd period - Shot Misses the Net.
14:44 of 3rd period - Shot by Ryan Graves.
14:44 of 3rd period - Stopped by Carey Price without a rebound.
14:45 of 3rd period - Steven Lorentz wins face-off versus Sean Kuraly in Devils zone.
15:00 of 3rd period - Steven Lorentz is hit by Paul Byron and loses puck.
15:15 of 3rd period - Michael Anderson is hit by Doyle Somerby and loses puck.
15:20 of 3rd period - Shot by Scott Reedy.
15:20 of 3rd period - Goal by Scott Reedy - Devils : 2 - Palm Springs Eager : 3.
15:21 of 3rd period - Samuel Houde wins face-off versus Riley Duran in neutral zone.
15:21 of 3rd period - Samuel Houde is hit by Alexander Campbell.
15:24 of 3rd period - Minor Penalty to Mackenzie MacEachern for Tripping.
15:25 of 3rd period - Lias Andersson wins face-off versus Sean Kuraly in Devils zone.
15:30 of 3rd period - Shot by Lias Andersson.
15:30 of 3rd period - Stopped by Carey Price with a rebound.
17:03 of 3rd period - Shot by Colin Miller.
17:03 of 3rd period - Shot Hit the Post.
17:05 of 3rd period - Shot by Colin Miller.
17:05 of 3rd period - Shot Misses the Net.
17:07 of 3rd period - Shot by Ryan Graves.
17:07 of 3rd period - Stopped by Carey Price without a rebound.
17:08 of 3rd period - Jonathan Toews wins face-off versus Sean Kuraly in Devils zone.
17:19 of 3rd period - Shot by Ryan Graves.
17:19 of 3rd period - Shot Misses the Net.
17:21 of 3rd period - Shot by Ryan Graves.
17:21 of 3rd period - Stopped by Carey Price with a rebound.
17:33 of 3rd period - Shot by Alexander Gordin.
17:33 of 3rd period - Deflect By Alexander Campbell.
17:33 of 3rd period - Stopped by Carey Price without a rebound.
17:34 of 3rd period - Cole Cassels wins face-off versus Scott Reedy in Devils zone.
17:34 of 3rd period - Cole Cassels is hit by Scott Mayfield.
17:50 of 3rd period - Shot by Noel Hofenmayer.
17:50 of 3rd period - Shot Blocked by Michael Anderson.
18:15 of 3rd period - Off-side.
18:16 of 3rd period - Lias Andersson wins face-off versus Paul Byron in neutral zone.
18:36 of 3rd period - Shot by Nico Sturm.
18:36 of 3rd period - Shot Misses the Net.
18:53 of 3rd period - Double Minor Penalty to Nico Sturm for High sticking.
18:54 of 3rd period - Sean Kuraly wins face-off versus Jonathan Toews in Palm Springs Eager zone.
18:54 of 3rd period - Sean Kuraly is hit by Ryan Graves.
19:00 of 3rd period - Devils, Carey Price is pulled from the net.
19:22 of 3rd period - Icing by Sean Kuraly.
19:23 of 3rd period - Carey Price from Devils was sent back in the game.
19:23 of 3rd period - Jonathan Toews wins face-off versus Sean Kuraly in Devils zone.
19:30 of 3rd period - Shot by Jonathan Toews.
19:30 of 3rd period - Stopped by Carey Price with a rebound.
19:38 of 3rd period - Ryan Graves is hit by Sean Kuraly and loses puck.
19:53 of 3rd period - Devils, Carey Price is pulled from the net.
Goals for this period are 1 for Devils vs 1 for Palm Springs Eager.
Shots for this period are 5 for Devils vs 17 for Palm Springs Eager.